 Dungeon Crawl Stone Soup version 0.31-a0-176-g91f28db67f (webtiles) character file.

Game seed: 4364672501419767320

154946 Morbidden the Grappler (level 17, -2/158 HPs)
             Began as a Troll Conjurer on June 17, 2023.
             Was a High Priest of Cheibriados.
             Slain by a spriggan druid
             ... wielding a +0 quarterstaff
              (19 damage)
             ... on level 3 of the Swamp on June 18, 2023.
             The game lasted 01:09:31 (30462 turns).

Morbidden the Grappler (Troll Conjurer)            Turns: 30462, Time: 01:09:31

Health: -2/158     AC: 15    Str: 30    XL:     17   Next: 7%
Magic:  1/26       EV: 19    Int: 31    God:    Cheibriados [*****.]
Gold:   3248       SH:  5    Dex: 19    Spells: 4/29 levels left

rFire   . .          .
                       - Unarmed
rCold   . . .        (no shield)
rNeg    . . .        I - +0 acid dragon scales
rPois   .            (helmet restricted)
rElec   .            V - +0 cloak
rCorr   +            (gloves unavailable)
SInv    .            (boots unavailable)
Will    +....        A - amulet of reflection
Stlth   ++           J - +5 ring of evasion
HPRegen 1.26/turn    y - +4 ring of protection
MPRegen 0.20/turn

%: reflection
@: lethally poisoned (-2 -> -9), wereblooded, attractive, studying Conjurations,
very slow
A: large, unfitting armour, claws 3, regeneration 1, shaggy fur 1, tough skin 1
a: Renounce Religion, Bend Time, Temporal Distortion, Slouch, Step From Time


You were on level 3 of the Swamp.
You worshipped Cheibriados.
Cheibriados was extremely pleased with you.
You visited 5 branches of the dungeon, and saw 27 of its levels.
You also visited: Ossuary, Gauntlet and Volcano.

You collected 4172 gold pieces.
You spent 924 gold pieces at shops.

Inventory:

Hand Weapons
 b - the +3 greatsling "Punk" {acid, rCorr}
   (You took it off a centaur warrior on level 15 of the Dungeon)

   rCorr:     It protects you from acid and corrosion.
Missiles
 d - 8 silver boomerangs
 j - 51 large rocks
 r - 15 javelins
 u - 6 boomerangs (quivered)
 v - 3 throwing nets
 K - 3 curare-tipped darts
 Z - 4 silver javelins
Armour
 x - +0 shadow dragon scales
 I - +0 acid dragon scales (worn)
 V - a +0 cloak (worn)
Jewellery
 w - the ring "Zolof" {rF+ Dex+4}
   (You found it on level 6 of the Dungeon)

   [ring of protection from fire]

   Dex:       It affects your dexterity (+4).
   rF:        It protects you from fire.
 y - a +4 ring of protection (right claw)
 A - an amulet of reflection (around neck)
 J - a +5 ring of evasion (left claw)
 U - a ring of see invisible
Wands
 h - a wand of polymorph (38)
 F - a wand of mindburst (9)
 O - a wand of charming (8)
 P - a wand of roots (16)
 R - a wand of light (11)
 S - a wand of digging (4)
 T - a wand of flame (34)
Scrolls
 a - 2 scrolls of blinking
 e - 2 scrolls of identify
 f - a scroll of torment
 g - a scroll of butterflies
 i - 5 scrolls of revelation
 m - a scroll of poison
 n - 5 scrolls of noise
 p - 11 scrolls of teleportation
 q - 2 scrolls of amnesia
 t - 2 scrolls of enchant armour
 z - 5 scrolls of fog
 C - 6 scrolls of fear
 G - a scroll of brand weapon
 H - 2 scrolls of vulnerability
 M - 2 scrolls of immolation
Potions
 c - 10 potions of curing
 l - 2 potions of attraction
 o - 3 potions of resistance
 s - 8 potions of enlightenment
 B - a potion of cancellation
 D - 2 potions of mutation
 E - 3 potions of might
 L - 2 potions of magic
 W - a potion of berserk rage
 X - 2 potions of ambrosia
Miscellaneous
 N - a lightning rod (2/4)
 Q - a phantom mirror (inert)
 Y - a condenser vane (inert)


   Skills:
 * Level 7.7 Fighting
 + Level 1.0 Ranged Weapons
 * Level 8.4 Throwing
 + Level 6.9 Armour
 * Level 8.4 Dodging
 + Level 2.7 Stealth
 + Level 1.3 Shields
 * Level 13.4 Unarmed Combat
 * Level 6.8 Spellcasting
 * Level 8.1 Conjurations
 + Level 5.5 Translocations
 * Level 6.1 Transmutations
 * Level 7.3 Earth Magic
 * Level 8.3 Invocations
 + Level 4.6 Evocations


You had 4 spell levels left.
You knew the following spells:

 Your Spells              Type           Power      Damage    Failure   Level
a - Magic Dart            Conj           100%       1d8       1%          1
b - Stone Arrow           Conj/Erth      100%       3d13      1%          3
c - Iskenderun's Mystic   Conj/Tloc      52%        2d11      3%          4
d - Searing Ray           Conj           100%       2d8       1%          2
e - Statue Form           Tmut/Erth      34%        N/A       45%         6
f - Leda's Unmaking       Conj/Erth      28%        9d5       32%         6
x - Wereblood             Tmut           48%        N/A       1%          2
z - Beastly Appendage     Tmut           96%        N/A       1%          1

Your spell library contained the following spells:

 Spells                   Type           Power      Damage    Failure   Level
 Sandblast                Erth           100%       2d20      1%          1
 Passwall                 Tmut/Erth      42%        N/A       1%          2
 Dazzling Flash           Conj/Hex       70%        N/A       3%          3
 Petrify                  Tmut/Erth      51%        N/A       3%          4
 Mephitic Cloud           Conj/Pois/Air  27%        N/A       4%          3
 Portal Projectile        Hex/Tloc       54%        N/A       4%          3
 Spider Form              Tmut/Pois      29%        N/A       4%          3
 Necrotise                Necr           40%        1d6       5%          1
 Manifold Assault         Tloc           45%        N/A       5%          4
 Fulminant Prism          Conj/Hex       17%        3d10      10%         4
 Leda's Liquefaction      Hex/Erth       16%        N/A       12%         4
 Ice Form                 Ice/Tmut       29%        N/A       14%         4
 Frozen Ramparts          Ice            20%        1d4       16%         3
 Vampiric Draining        Necr           10%        2d6       16%         3
 Anguish                  Hex/Necr       5%         N/A       45%         4
 Cause Fear               Hex            5%         N/A       45%         4
 Summon Ice Beast         Ice/Summ       10%        N/A       45%         4
 Summon Lightning Spire   Summ/Air       10%        N/A       45%         4
 Lee's Rapid Deconstruct  Erth           27%        3d14*     7%          5
 Summon Forest            Summ/Tloc      13%        N/A       43%         5
 Dispersal                Tloc           22%        N/A       63%         6
 Agony                    Necr           10%        N/A       82%         5
 Metabolic Englaciation   Hex/Ice        5%         N/A       82%         5
 Silence                  Hex/Air        5%         N/A       82%         5
 Eringya's Noxious Bog    Tmut/Pois      14%        N/A       92%         6
 Enfeeble                 Hex            5%         N/A       100%        7
 Malign Gateway           Summ/Tloc      13%        N/A       100%        7
 Ozocubu's Refrigeration  Ice            5%         4d8       100%        7
 Summon Hydra             Summ           5%         N/A       100%        7
 Borgnjor's Revivificati  Necr           5%         N/A       100%        8
 Necromutation            Tmut/Necr      14%        N/A       100%        8
 Summon Horrible Things   Summ           5%         N/A       100%        8
 Chain Lightning          Conj/Air       17%        3d23      100%        9
 Death's Door             Necr           5%         N/A       100%        9


Dungeon Overview and Level Annotations

Branches:
Dungeon (15/15)            Temple (1/1) D:5            Lair (5/5) D:9
  Swamp (4/4) Lair:3       Spider (0/4) Lair:2        Slime (0/5) Lair:4
    Orc (2/2) D:12            Elf (0/3) Orc:2        Vaults (0/5) D:13
 Depths (0/4) D:15        Ossuary (visited)         Volcano (visited)
Gauntlet (visited)

Altars:
Ashenzari
Cheibriados
Dithmenos
Elyvilon
Fedhas
Hepliaklqana
Kikubaaqudgha
Qazlal
Sif Muna
Uskayaw
Wu Jian
Zin

Shops:
D:14 [   Orc:2 ?=:*

Portals:
Trove: D:10 (give 2 scrolls of acquirement)

Annotations:
Lair:4 3 runed translucent doors, hitsuchi's ghost, journeyman BaHs


Innate Abilities, Weirdness & Mutations

You are too large for most types of armour.
You have claws for hands.
Your natural rate of healing is unusually fast.
You are covered in fur. (AC +1)
You have tough skin. (AC +1)


Message History

Unknown command.
Blink to where?
Press: ? - help, Dir - move target, p - swamp dragon
As you read the scroll of blinking, it crumbles to dust.
You howl as the wereblood boils in your veins!
You feel very sick.
The spriggan druid shouts!
The spriggan druid is attracted toward you.
The swamp dragon is attracted toward you.
Unknown command.
Unknown command.
Unknown command.
You howl as the wereblood boils in your veins!
You feel very sick.
Your five-headed hydra bites the swamp dragon.
Your five-headed hydra bites the swamp dragon!
Your five-headed hydra barely misses the swamp dragon.
Your five-headed hydra bites the swamp dragon!
Your five-headed hydra barely misses the swamp dragon.
The swamp dragon breathes poison at you.
The blast of poison engulfs you.
You are lethally poisoned!
* * * LOW HITPOINT WARNING * * *
You block the spriggan druid's attack.
The swamp dragon is attracted toward you. x2
The swamp drake is attracted toward you.
You climb upwards.
* * * LOW HITPOINT WARNING * * *
You feel extremely sick.
There is a stone staircase leading down here.
Unknown command.
Unknown command.
Unknown command.
Unknown command.
Unknown command.
You feel much better.
You howl as the wereblood boils in your veins!
You feel very sick.
The spriggan druid hits you with a +0 quarterstaff!!
You die...

~~~~.~~.♣♣♣~...§~...♣.~~~.♣♣~♣♣
~♣♣.~~~.♣ ♣~...♣♣§~..~~~~~♣..~♣♣♣
~.~.§~~♣♣♣♣~.~♣♣♣~~~..~~~~~.~~..♣
~...~..♣♣♣..~♣♣♣~.~~.~~~~...~§~~♣
~.~~...~♣.§..♣♣♣...~.~~~~~..~~~§~
~.~~♣..♣♣.♣.~~♣~...~.~~~~...~~~~♣
...~♣♣♣♣♣♣♣~~~...~♣...~..~~.~~~<♣
.~.♣..♣♣♣♣.~~^..i~~§.♣~.~~~~...~♣
~~~~~~........~~@~~~~♣.~~~~~~~~♣♣
~~~~§~.~~~~~.[..~.~~..~~~~~.~~.♣
~~~~~~~.~~~~~..~~.~~~.~~......♣♣
.~~~~~..~~~~~..~♣♣~...~♣♣♣♣♣♣♣♣
.~~~~...~§~~~~..♣♣♣♣♣♣♣♣♣
.~.♣♣♣♣.~~~~~~..~♣♣~~~~~♣♣♣
...~♣♣♣.~~~~~~~~~♣~..~~~.~♣
.~~~.~.>~.~~~§~~~.♣♣.~~~♣♣♣
~~~~~~.~♣♣.~~..~~...♣~.~♣


You could see a spriggan druid.

Vanquished Creatures
  A tentacled monstrosity (Swamp:2)
  A shadow dragon (D:15)
  Frances (D:13)
  A storm dragon (D:15)
  The ghost of Song the Markshuman, an adept HuWn of Okawaru (Swamp:2)
  4 thorn hunters
  A fenstrider witch (Swamp:3)
  A reaper (Gauntlet)
  2 eleionomae
  A minotaur (Gauntlet)
  2 bunyips
  3 fire dragons (D:15)
  An entropy weaver (shapeshifter) (D:15)
  2 yaktaur captains (D:15)
  Josephine (Lair:4)
  A spriggan air mage (Swamp:2)
  A great orb of eyes (Gauntlet)
  17 hydras
  4 ogre magi (D:15)
  2 death knights (D:15)
  3 catoblepae
  2 dancing weapons (D:13)
  6 boulder beetles
  8 two-headed ogres
  11 centaur warriors
  9 alligators
  An orc high priest (Orc:1)
  2 tengu warriors (D:15)
  A fire crab (shapeshifter) (D:15)
  A skyshark (Lair:4)
  A skeletal warrior (D:15)
  A goliath frog (Swamp:3)
  2 spriggan druids (Swamp:1)
  A death drake (Swamp:3)
  A swamp dragon (Swamp:4)
  A flayed ghost (D:15)
  5 bog bodies
  6 orc knights
  A harpy (D:15)
  A wizard (D:15)
  A deep elf archer (D:15)
  2 orc sorcerers (Orc:2)
  An oklob plant (Lair:3)
  8 deep elf pyromancers
  10 cyclopes
  11 ugly things
  3 will-o-the-wisps
  4 manticores
  9 elephants (Lair:5)
  5 black mambas
  18 slime creatures
  Joseph (D:8)
  A rust devil (Gauntlet)
  An elephant (shapeshifter) (D:15)
  A cane toad (shapeshifter) (D:15)
  13 cane toads
  Psyche (D:8)
  4 efreet (D:15)
  3 unseen horrors
  12 komodo dragons
  A yaktaur (shapeshifter) (D:14)
  6 rime drakes
  Maggie (D:7)
  9 yaktaurs
  8 polar bears
  2 tengu conjurers (D:15)
  5 trolls
  A meliai (shapeshifter) (D:15)
  8 tyrant leeches
  2 bloated husks
  10 hornets
  A tarantella (Lair:2)
  11 blink frogs
  Sigmund (D:2)
  A shadow (D:9)
  2 centaur simulacra (D:15)
  5 wraiths
  3 vampires
  48 yaks
  A ynoxinul (Gauntlet)
  18 spriggans
  5 wyverns
  7 basilisks
  A steam dragon (shapeshifter) (D:15)
  Menkaure (Ossuary)
  11 vampire mosquitoes
  13 swamp worms
  3 wargs
  19 water moccasins
  3 acid dragons
  A two-headed ogre zombie (D:12)
  3 swamp drakes
  35 orc warriors
  3 sky beasts
  6 black bears
  A meliai simulacrum (D:15)
  3 ice beasts
  5 ogres
  24 wolves
  4 boggarts (Lair:5)
  17 centaurs
  A kobold brigand (D:11)
  3 phantoms
  14 bullfrogs
  A gnoll sergeant (D:11)
  5 scorpions
  7 wights
  3 troll zombies (D:12)
  26 killer bees
  A hound (D:5)
  A gnoll bouda (D:7)
  9 orc priests
  4 iron imps (Gauntlet)
  6 jellies
  6 iguanas
  21 orc wizards
  A sleepcap (D:7)
  3 hell rats (Lair:2)
  4 ogre zombies (D:12)
  A boggart simulacrum (D:15)
  3 mummies (Ossuary)
  13 gnolls
  5 adders
  4 river rats (Lair:2)
  2 shadow imps (Gauntlet)
  4 white imps
  3 ufetubi
  A dart slug (D:2)
  70 orcs
  4 ball pythons
  6 endoplasms
  4 giant cockroaches
  5 gnoll zombies (Ossuary)
  6 goblins
  7 hobgoblins
  4 jackals (D:5)
  2 quokkas
  11 bats
  3 frilled lizards
  5 gnoll skeletons (Ossuary)
  3 goblin skeletons (Ossuary)
  11 goblin zombies
  6 hobgoblin skeletons
  11 hobgoblin zombies
  11 kobolds
  A kobold skeleton (Ossuary)
  3 kobold zombies (Ossuary)
  9 orc skeletons
  13 orc zombies
  13 rats
  5 rat skeletons (Ossuary)
  3 rat zombies (Ossuary)
  2 foxfires (Swamp:2)
900 creatures vanquished.

Vanquished Creatures (collateral kills)
  4 hydras
  A centaur warrior (D:14)
  Urug (Lair:4)
  A swamp dragon (Swamp:4)
  A cyclops (D:15)
  A yak (Lair:5)
  A basilisk (Lair:5)
10 creatures vanquished.

Vanquished Creatures (others)
  A fenstrider witch (Swamp:2)
  2 bloated husks
  An orc priest (Orc:2)
  An orc wizard (D:9)
  9 foxfires
14 creatures vanquished.

Grand Total: 924 creatures vanquished

Notes
Turn   | Place    | Note
-------+----------+-------------------------------------------
     0 | D:1      | Morbidden the Troll Conjurer began the quest for the Orb.
     0 | D:1      | Reached XP level 1. HP: 16/16 MP: 1/1
   177 | D:1      | Reached XP level 2. HP: 26/26 MP: 2/2
   929 | D:2      | Found a faded altar of an unknown god.
  1124 | D:2      | Reached XP level 3. HP: 32/32 MP: 4/4
  1186 | D:2      | Reached skill level 1 in Unarmed Combat
  1257 | D:2      | Reached skill level 1 in Fighting
  1264 | D:2      | Noticed Sigmund
  1278 | D:2      | Killed Sigmund
  1279 | D:2      | Reached skill level 1 in Armour
  1279 | D:2      | Reached skill level 2 in Unarmed Combat
  1279 | D:2      | Reached XP level 4. HP: 40/41 MP: 5/5
  1279 | D:2      | Reached XP level 5. HP: 47/48 MP: 6/6
  1284 | D:2      | Learned a level 2 spell: Searing Ray
  1655 | D:2      | Identified the +6 short sword "Vinwim" {spect, rPois rN+
                  | Str+2}
  2659 | D:4      | Reached skill level 3 in Unarmed Combat
  2659 | D:4      | Reached XP level 6. HP: 32/55 MP: 1/7
  3079 | D:5      | Entered Level 5 of the Dungeon
  3210 | D:5      | Found a shimmering blue altar of Sif Muna.
  3306 | D:5      | Reached skill level 1 in Throwing
  3418 | D:5      | Reached XP level 7. HP: 63/63 MP: 4/8
  3452 | D:5      | Found a staircase to the Ecumenical Temple.
  3483 | Temple   | Entered the Ecumenical Temple
  3522 | Temple   | Became a worshipper of Cheibriados the Contemplative
  4170 | D:6      | Reached skill level 4 in Unarmed Combat
  4170 | D:6      | Reached skill level 1 in Invocations
  4422 | D:6      | Reached XP level 8. HP: 55/72 MP: 10/10
  4622 | D:6      | Found a stormy altar of Qazlal.
  4994 | D:6      | Identified the ring "Zolof" {rF+ Dex+4}
  4999 | D:6      | Learned a level 1 spell: Beastly Appendage
  5371 | D:7      | Reached * piety under Cheibriados
  5520 | D:7      | Noticed Maggie
  5541 | D:7      | Killed Maggie
  5716 | D:7      | Reached skill level 5 in Unarmed Combat
  5735 | D:7      | Learned a level 4 spell: Iskenderun's Mystic Blast
  5880 | D:7      | Reached skill level 1 in Transmutations
  6191 | D:7      | Reached XP level 9. HP: 71/80 MP: 12/12
  6252 | D:8      | Reached skill level 1 in Translocations
  6262 | D:8      | Reached ** piety under Cheibriados
  6269 | D:8      | Found a white marble altar of Elyvilon.
  6281 | D:8      | Found a glowing silver altar of Zin.
  6300 | D:8      | Reached skill level 6 in Unarmed Combat
  6306 | D:8      | Found a sand-covered staircase.
  6312 | Ossuary  | Entered an ossuary
  6419 | Ossuary  | Learned a level 2 spell: Wereblood
  6520 | Ossuary  | Reached *** piety under Cheibriados
  6654 | Ossuary  | Noticed Menkaure
  6665 | Ossuary  | Killed Menkaure
  6877 | D:8      | Reached **** piety under Cheibriados
  6963 | D:8      | Noticed a two-headed ogre
  6964 | D:8      | Noticed a white ugly thing
  6972 | D:8      | Killed a two-headed ogre
  6973 | D:8      | Reached XP level 10. HP: 21/92 MP: 7/13
  6974 | D:8      | Identified a scroll of acquirement
  6974 | D:8      | Acquired 825 gold pieces
  6974 | D:8      | Noticed a deep elf pyromancer
  6984 | D:8      | Killed a deep elf pyromancer
  6985 | D:8      | Reached skill level 7 in Unarmed Combat
  6990 | D:8      | Killed a white ugly thing
  7061 | D:8      | Learned a level 3 spell: Stone Arrow
  7166 | D:8      | Noticed a six-headed hydra
  7166 | D:8      | Noticed a green ugly thing
  7174 | D:8      | Killed a six-headed hydra
  7175 | D:8      | Reached skill level 5 in Conjurations
  7186 | D:8      | Killed a green ugly thing
  7365 | D:8      | Reached skill level 1 in Earth Magic
  7365 | D:8      | Noticed a manticore
  7368 | D:8      | Killed a manticore
  7369 | D:8      | Reached skill level 8 in Unarmed Combat
  7959 | D:8      | Noticed a two-headed ogre
  8213 | D:8      | Killed a two-headed ogre
  8214 | D:8      | Reached XP level 11. HP: 95/100 MP: 3/15
  8324 | D:8      | Noticed Joseph
  8339 | D:8      | Killed Joseph
  8617 | D:8      | Noticed Psyche
  8635 | D:8      | Killed Psyche
  8903 | D:9      | Got the Compendium of Geometries
  9099 | D:9      | Found a staircase to the Lair.
  9106 | D:9      | Reached ***** piety under Cheibriados
  9296 | D:9      | Reached skill level 5 in Dodging
  9654 | D:10     | Entered Level 10 of the Dungeon
 10096 | D:10     | Identified the +4 whip of Resumed Hostilities {heavy, rF+}
 10114 | D:10     | Reached skill level 9 in Unarmed Combat
 10205 | D:10     | Found a portal to a secret trove of treasure.
 10783 | Lair:1   | Entered Level 1 of the Lair of Beasts
 10800 | Lair:1   | Found a dark tunnel.
 10809 | Volcano  | Entered a volcano
 10825 | Volcano  | Noticed a centaur warrior
 10828 | Volcano  | Found a bloodstained altar of Trog.
 10830 | Volcano  | Noticed a red draconian
 10842 | Volcano  | Killed a centaur warrior
 10923 | Lair:1   | Found a gate leading to a gauntlet.
 10934 | Gauntlet | Entered a Gauntlet
 10934 | Gauntlet | Found a transporter.
 10942 | Gauntlet | Found a runed translucent door.
 10945 | Gauntlet | Found a transporter.
 10946 | Gauntlet | Found a transporter.
 10947 | Gauntlet | Found a transporter.
 10955 | Gauntlet | Found a transporter.
 10958 | Gauntlet | Found a transporter.
 10959 | Gauntlet | Found a transporter.
 10968 | Gauntlet | Found a transporter.
 10971 | Gauntlet | Found a transporter.
 10972 | Gauntlet | Found a transporter.
 10978 | Gauntlet | Noticed a reaper
 10980 | Gauntlet | Found a transporter.
 10983 | Gauntlet | Found a transporter.
 10984 | Gauntlet | Found a transporter.
 10988 | Gauntlet | Noticed a great orb of eyes
 10988 | Gauntlet | Noticed a green ugly thing
 10992 | Gauntlet | Found a transporter.
 11143 | Gauntlet | Identified the +4 tower shield of Music {Harm rPois Dex-2}
 11284 | Gauntlet | Reached XP level 12. HP: 103/109 MP: 14/17
 11356 | Gauntlet | Killed a reaper
 11425 | Gauntlet | Killed a great orb of eyes
 11563 | Gauntlet | Noticed a minotaur
 11578 | Gauntlet | Killed a minotaur
 11579 | Gauntlet | Reached skill level 5 in Armour
 11838 | Lair:1   | Reached skill level 5 in Invocations
 12697 | Lair:2   | Noticed a six-headed hydra
 12707 | Lair:1   | Killed a six-headed hydra
 12921 | Lair:2   | Upgraded the game from 0.31-a0-175-g9f7f995f2b to
                  | 0.31-a0-176-g91f28db67f
 13031 | Lair:2   | Learned a level 6 spell: Statue Form
 13087 | Lair:2   | Reached skill level 5 in Fighting
 13091 | Lair:2   | Reached skill level 5 in Throwing
 13147 | Lair:2   | Reached skill level 10 in Unarmed Combat
 13270 | Lair:2   | Reached skill level 1 in Evocations
 13629 | Lair:2   | Found a hole to the Spider Nest.
 13772 | Lair:2   | Noticed a six-headed hydra
 13784 | Lair:2   | Killed a seven-headed hydra
 13812 | Lair:2   | Reached XP level 13. HP: 94/118 MP: 19/19
 14492 | Lair:3   | Reached ****** piety under Cheibriados
 14780 | Lair:3   | Reached skill level 5 in Spellcasting
 16314 | Lair:4   | Noticed Josephine
 16326 | Lair:4   | Killed Josephine
 16451 | Lair:4   | Found a runed translucent gate.
 16452 | Lair:4   | Found a runed translucent gate.
 16453 | Lair:4   | Found a runed translucent gate.
 16549 | Lair:4   | Reached skill level 11 in Unarmed Combat
 16695 | Lair:4   | Noticed hitsuchi's ghost (journeyman BaHs)
 16727 | Lair:4   | Noticed Urug
 16747 | Lair:4   | Killed Urug
 17138 | Lair:4   | Found a staircase to the Slime Pits.
 17593 | Lair:5   | Entered Level 5 of the Lair of Beasts
 17623 | Lair:5   | Reached XP level 14. HP: 114/128 MP: 3/21
 18425 | Lair:5   | Identified the +2 scale mail "Xijirood" {rElec Str+3 Int-4
                  | Slay+5}
 19447 | D:11     | Got the Anthology of Blasts
 20155 | D:12     | Found a staircase to the Orcish Mines.
 20262 | D:12     | Reached skill level 5 in Earth Magic
 21002 | D:13     | Found a gate to the Vaults.
 21177 | D:13     | Found a hide-covered altar of Uskayaw.
 21232 | D:13     | Noticed Frances
 21245 | D:13     | Killed Frances
 21597 | D:14     | Reached skill level 5 in Transmutations
 22065 | D:14     | Reached XP level 15. HP: 137/137 MP: 11/22
 22202 | D:14     | Found Isoaseir's Armour Boutique.
 22218 | D:14     | Learned a level 6 spell: Leda's Unmaking
 22359 | D:15     | Entered Level 15 of the Dungeon
 22524 | D:15     | Reached skill level 12 in Unarmed Combat
 22869 | D:15     | Found a staircase to the Depths.
 22950 | D:15     | Found a shadowy altar of Dithmenos.
 22951 | D:15     | Found a broken altar of Ashenzari.
 22952 | D:15     | Found a stormy altar of Qazlal.
 23201 | D:15     | Noticed a shadow dragon
 23204 | D:15     | Reached skill level 5 in Translocations
 23221 | D:15     | Killed a shadow dragon
 23535 | D:15     | Noticed a storm dragon
 23547 | D:15     | Killed a storm dragon
 23680 | D:15     | Identified the +3 scimitar of the Battered Leylines {drain,
                  | Dex+2}
 24668 | D:15     | Paralysed by something for 5 turns
 24678 | D:15     | Reached XP level 16. HP: 61/149 MP: 7/24
 24923 | D:15     | Got Vawn's Compendium of Wintry Voltage
 25201 | Orc:1    | Entered Level 1 of the Orcish Mines
 25271 | Orc:2    | Entered Level 2 of the Orcish Mines
 25271 | Orc:2    | Found a staircase to the Elven Halls.
 26019 | Orc:2    | Found Fyozxoan's Jewellery Shop.
 26019 | Orc:2    | Found Jaragiodgh's Book Shoppe.
 26021 | Orc:2    | Found Geafuo's Assorted Antiques.
 26023 | Orc:2    | Found Tarus's Magic Scroll Boutique.
 26037 | Orc:2    | Bought a +4 ring of protection for 504 gold pieces
 26037 | Orc:2    | Bought an amulet of reflection for 420 gold pieces
 26713 | Orc:1    | You fall into a shaft and drop 1 floor!
 27162 | Lair:3   | Found a staircase to the Swamp.
 27176 | Swamp:1  | Entered Level 1 of the Swamp
 27200 | Swamp:1  | Reached skill level 13 in Unarmed Combat
 28658 | Swamp:2  | Found a runed translucent gate.
 28658 | Swamp:2  | Found a runed translucent gate.
 28664 | Swamp:2  | Noticed a thorn hunter
 28666 | Swamp:2  | Noticed a thorn hunter
 28668 | Swamp:2  | Noticed a tentacled monstrosity
 28700 | Swamp:2  | Noticed Song's ghost (adept HuWn)
 28704 | Swamp:2  | Noticed a thorn hunter
 28766 | Swamp:2  | Found a runed translucent gate.
 29107 | Swamp:2  | Killed a thorn hunter
 29111 | Swamp:2  | Killed a tentacled monstrosity
 29113 | Swamp:2  | Killed a thorn hunter
 29114 | Swamp:2  | Reached skill level 1 in Shields
 29116 | Swamp:2  | Killed a thorn hunter
 29117 | Swamp:2  | Reached skill level 1 in Ranged Weapons
 29124 | Swamp:2  | Killed Song's ghost
 29800 | Swamp:3  | Noticed a thorn hunter
 29807 | Swamp:3  | Killed a thorn hunter
 30177 | Swamp:3  | Reached XP level 17. HP: 139/158 MP: 26/26
 30365 | Swamp:4  | Entered Level 4 of the Swamp
 30461 | Swamp:3  | HP: 3/158 [poisoned by a swamp dragon (blast of poison)]
 30462 | Swamp:3  | Slain by a spriggan druid

Illustrated notes

Levels and vault maps discovered:
D:1:      kennysheep_arrival_seaside, layout_basic, minmay_misc_feat_nine_boxes
D:2:      layout_basic, nicolae_ecumenical_oubliette, uniq_sigmund
D:3:      layout_basic
D:4:      layout_gridville
D:5:      layout_cave_pools, lemuel_blue_sif_altar, temple_fountains
D:6:      layout_cave_pools, grunt_qazlal_sundering, kennysheep_generic_room_7
D:7:      layout_basic, corexii_hall_statues_l, uniq_maggie
D:8:      hangedman_cross_veins, layout_gridville, grunt_temple_overflow_open,
          nicolae_ossuary_entry_plus, uniq_joseph, uniq_psyche
D:9:      layout_irregular_city, erik_lair_orcish_takeover
D:10:     layout_loops_ring, enter_trove_0, grunt_decor_cap
D:11:     layout_rooms
D:12:     layout_small_grid, zombieorc2_lemuel
D:13:     layout_loops_cross, erik_vaults_1, nicolae_uskayaw_dance_hall,
          uniq_frances
D:14:     layout_rooms, kennysheep_path_1, serial_shops, shop
D:15:     hangedman_slaughterboxes
Temple:   regret_index_temple_chain_breaker
Lair:1:   layout_gridlike, enter_volcano_1, gauntlet_entry_generic
Lair:2:   nzn_winding_woodlands_three_and_one
          [nzn_winding_woodlands_5x15_split_checker,
          nzn_winding_woodlands_5x15_lazy_stream,
          nzn_winding_woodlands_5x15_pool,
          nzn_winding_woodlands_center_pierced_h], layout_gridlike,
          spider_nest_entry_rubble, kennysheep_abandoned_house
Lair:3:   layout_cave_pods, palyth_hydra_swamp_entry,
          grunt_forest_large_clearings
Lair:4:   layout_regular_city, dpeg_slime_entry_enclosed, gammafunk_ghost_icy,
          uniq_josephine, uniq_urug
Lair:5:   minmay_lair_end_enchanted_forest, layout_gridlike, minmay_hedge_maze
Swamp:1:  layout_basic_swamp, evilmike_swamp_ruin_house_5
Swamp:2:  layout_basic_swamp, gammafunk_ghost_split,
          nicolae_swamp_decorative_isthmus
Swamp:3:  layout_basic_swamp, evilmike_swamp_ruin_house_4
Swamp:4:  swamp_alternative, layout_basic_swamp, swamp_pool4
Orc:1:    layout_caves, bh_open_orc_temple
Orc:2:    st_orc_rangers, layout_caves

Skill      XL: |  1  2  3  4  5  6  7  8  9 10 11 12 13 14 15 16 |
---------------+-------------------------------------------------+-----
Conjurations   | 3 4 5 6 7 8 |  8.1
Unarmed Combat | 2 3 4 5 6 8 9 10 11 12 13 | 13.4
Fighting       | 1 2 3 4 5 6 7 |  7.7
Armour         | 1 2 3 4 5 6 |  6.9
Dodging        | 2 3 4 5 6 7 8 |  8.4
Throwing       | 1 2 3 4 5 6 7 8 |  8.4
Spellcasting   | 2 3 4 5 6 |  6.8
Invocations    | 1 2 3 4 5 6 7 8 |  8.3
Transmutations | 1 2 3 4 5 6 |  6.1
Translocations | 1 2 3 4 5 |  5.5
Earth Magic    | 1 2 3 4 5 6 7 |  7.3
Stealth        | 2 |  2.7
Evocations     | 1 2 3 4 |  4.6
Shields        | 1 |  1.3
Ranged Weapons | 1 |  1.0

Action                     |  1- 3 |  4- 6 |  7- 9 | 10-12 | 13-15 | 16-18 || total
---------------------------+-------+-------+-------+-------+-------+-------++-------
  Melee: Unarmed           |   114 |    64 |   254 |   442 |   766 |   250 ||  1890
         Punch             |       |     1 |     6 |    27 |    77 |    22 ||   133
         Headbutt          |       |       |    13 |    52 |   125 |    26 ||   216
         Kick              |       |       |    15 |    81 |   237 |    46 ||   379
   Fire: Greatsling        |       |       |       |       |     6 |    74 ||    80
  Throw: Dart              |       |     8 |       |       |       |       ||     8
         Stone             |       |       |    24 |    58 |       |       ||    82
         Javelin           |       |       |     2 |       |     8 |    15 ||    25
         Boomerang         |       |       |       |    10 |   111 |   127 ||   248
         Large rock        |       |       |       |     2 |     3 |       ||     5
   Cast: Magic Dart        |     9 |    42 |    57 |    16 |     7 |       ||   131
         Searing Ray       |       |     6 |    26 |       |       |       ||    32
         Beastly Appendage |       |       |    12 |    27 |    59 |    17 ||   115
         Wereblood         |       |       |     6 |    25 |    54 |    21 ||   106
         Stone Arrow       |       |       |       |    73 |   111 |    59 ||   243
         Iskenderun's Myst |       |       |       |       |    36 |    33 ||    69
         Statue Form       |       |       |       |       |       |     2 ||     2
 Invoke: Slouch            |       |       |       |     5 |    12 |    12 ||    29
  Evoke: Wand              |       |       |     3 |     4 |     3 |     7 ||    17
         Phantom mirror    |       |       |       |     1 |     4 |     2 ||     7
         Condenser vane    |       |       |       |       |     3 |     3 ||     6
         Lightning rod     |       |       |       |       |     3 |     5 ||     8
    Use: Potion            |       |       |     2 |     9 |     5 |     5 ||    21
         Scroll            |       |       |     9 |     9 |     8 |     7 ||    33
   Stab: Sleeping          |     1 |       |     1 |     1 |     5 |       ||     8
         Distracted        |       |       |     1 |     1 |     3 |     2 ||     7
         Invisible         |       |       |       |     3 |       |       ||     3
         Petrified         |       |       |       |       |     3 |       ||     3
         Petrifying        |       |       |       |       |     1 |       ||     1
 Armour: Robe              |    49 |    31 |    30 |       |       |       ||   110
         Steam dragon scal |       |       |    27 |    65 |       |       ||    92
         Skin              |       |       |       |    39 |       |    37 ||    76
         Acid dragon scale |       |       |       |    40 |   174 |    48 ||   262
         Shadow dragon sca |       |       |       |       |    78 |   126 ||   204
  Dodge: Dodged            |    64 |    38 |   190 |   442 |  1056 |   498 ||  2288
  Block: Other             |       |       |       |       |       |    71 ||    71
         Reflection        |       |       |       |       |       |     4 ||     4

Table legend: (Time is in decaauts)
 A = Elapsed time spent in this place.
 B = Non-inter-level travel time spent in this place.
 C = Inter-level travel time spent in this place.
 D = Time resting spent in this place.
 E = Time spent auto-exploring this place.
 F = Levels seen in this place.
 G = Mean time per level.
                   A        B        C        D        E       F      G
               +--------+--------+--------+--------+--------+-----+--------+
         Total |  41543 |  39192 |   2351 |   3011 |  29454 |  30 | 1384.8 |
       Dungeon |  20885 |  19639 |   1246 |   2130 |  14111 |  15 | 1392.3 |
        Temple |     45 |     40 |      5 |      0 |     29 |   1 |   45.0 |
          Lair |  11666 |  11051 |    615 |     22 |   9526 |   5 | 2333.2 |
         Swamp |   4616 |   4477 |    139 |    378 |   3373 |   4 | 1154.0 |
  Orcish Mines |   2681 |   2336 |    345 |     64 |   1897 |   2 | 1340.5 |
       Ossuary |    553 |    553 |      0 |      0 |    275 |   1 |  553.0 |
       Volcano |    143 |    143 |      0 |      0 |      0 |   1 |  143.0 |
      Gauntlet |    949 |    949 |      0 |    416 |    242 |   1 |  949.0 |
               +--------+--------+--------+--------+--------+-----+--------+

Top non-repeatable levels by time:
    D:15: 3532 daAuts
  Lair:3: 2812 daAuts
  Lair:4: 2375 daAuts
  Lair:5: 2351 daAuts
  Lair:2: 2285 daAuts
     D:8: 2270 daAuts
  Lair:1: 1842 daAuts
    D:10: 1721 daAuts
 Swamp:3: 1712 daAuts
    D:13: 1696 daAuts
 Swamp:2: 1607 daAuts
     D:9: 1581 daAuts
    D:12: 1400 daAuts
   Orc:2: 1376 daAuts
     D:6: 1353 daAuts
